 Dungeon Crawl Stone Soup version 0.13-a0-2725-gfd4ef73 (webtiles) character file.

206 Rycklaryybbe the Cudgeler (level 5, -1/32 HPs)
             Began as a Tengu Chaos Knight on Aug 19, 2013.
             Was a Plaything of Xom.
             Slain by a sky beast (3 damage)
             ... on Level 3 of the Dungeon.
             The game lasted 00:05:27 (1666 turns).

Rycklaryybbe the Cudgeler (Tengu Chaos Knight)      Turns: 1666, Time: 00:05:27

HP  -1/32        AC  7     Str 12      XL: 5   Next:  7%
MP   7/7         EV 16     Int 13      God: Xom
Gold 83          SH  0     Dex 19      Spells:  0 memorised,  4 levels left

Res.Fire  : . . .   See Invis. : .   a - -1,+0 orc club
Res.Cold  : . . .   Warding    : .   b - +2 leather armour
Life Prot.: . . .   Conserve   : .   (no shield)
Res.Poison: +       Res.Corr.  : .   (helmet restricted)
Res.Elec. : .       Clarity    : .   v - +1 cloak {rPois}
Sust.Abil.: . .     Spirit.Shd : .   (no gloves)
Res.Mut.  : .       Stasis     : .   (boots unavailable)
Res.Rott. : .       Flight     : .   (no amulet)
Saprovore : . . .                    (no ring)
                                     (no ring)

@: agile, slightly resistant to hostile enchantments, stealthy
A: able to fly, beak, talons 3
a: Fly, Renounce Religion


You were on level 3 of the Dungeon.
You worshipped Xom.
You were a beloved toy of Xom.
You were not hungry.

You visited 1 branch of the dungeon, and saw 3 of its levels.

You collected 63 gold pieces.

Inventory:

Hand weapons
 a - a -1,+0 orcish club (weapon)
 n - a +1,+0 short sword of protection
 q - a +4,+1 elven dagger of venom
 A - a +4,+3 quarterstaff of chaos
Missiles
 j - 18 arrows
 m - 17 sling bullets
 p - a dart of dispersal (quivered)
 s - 13 steel darts
Armour
 b - a +2 leather armour (worn)
 v - a +1 cloak of poison resistance (worn)
Magical devices
 y - a wand of confusion (0)
Comestibles
 c - 2 bread rations
 f - an apple
 x - a rotting chunk of goblin flesh
Scrolls
 d - 5 scrolls of identify {unknown}
 e - a scroll of curse armour {unknown}
 g - a scroll of amnesia {unknown}
 i - a scroll of enchant armour {unknown}
 l - 2 scrolls of remove curse {unknown}
 r - 2 scrolls of fog {unknown}
 t - a scroll of recharging {unknown}
 u - a scroll of teleportation {unknown}
Potions
 k - a potion of agility
 o - a potion of restore abilities {unknown}


   Skills:
 - Level 3.3 Fighting
 + Level 5.8 Maces & Flails
 - Level 2.2 Armour
 - Level 1.2 Dodging


You had 4 spell levels left.
You didn't know any spells.

Dungeon Overview and Level Annotations

Branches:
Dungeon (3/27)

Altars:
Kikubaaqudgha
Vehumet


Innate Abilities, Weirdness & Mutations

You can fly.
You have a beak for a mouth.
You have claws for feet.


Message History

The sky beast is moderately wounded.
The sky beast hits you. The sky beast shocks you!
The goblin hits you but does no damage. The sky beast closely misses you.
You barely miss the sky beast.
The sky beast is moderately wounded.
The sky beast barely misses you. The goblin closely misses you.
You miss the sky beast.
The sky beast is moderately wounded.
The sky beast hits you. The sky beast shocks you. The goblin barely misses you.
The sky beast hits you.
* * * LOW HITPOINT WARNING * * *
The sky beast shocks you!
* * * LOW HITPOINT WARNING * * *
Drink which item? (? for menu, Esc to quit)
You feel more agile all of a sudden.
It was a potion of agility.
Xom is highly amused!
The sky beast hits you.
You die...
Xom laughs nastily!

#)# #g# #.# #g# #.#
#.# #.#
###################.#
..........>....I@gg.#
#####################


You could see a sky beast (berserk) and 2 goblins.

Vanquished Creatures
  Crazy Yiuf (D:2)
  4 adders
  A worm (D:3)
  An ooze (D:1)
  3 giant cockroaches
  8 goblins
  5 hobgoblins
  3 jackals (D:2)
  5 bats
  2 giant geckos
  12 giant newts
  7 kobolds
  5 rats
57 creatures vanquished.

Vanquished Creatures (collateral kills)
  A giant newt (D:2)
1 creature vanquished.

Vanquished Creatures (others)
  A crimson imp (D:3)
  An iron imp (D:3)
  An ufetubus (D:3)
  A jackal zombie (D:2)
4 creatures vanquished.

Grand Total: 62 creatures vanquished

Notes
Turn   | Place    | Note
--------------------------------------------------------------
     0 | D:1      | Rycklaryybbe, the Tengu Chaos Knight, began the quest for the Orb.
     0 | D:1      | Reached XP level 1. HP: 12/12 MP: 1/1
    44 | D:1      | XOM: harmless Divn miscast
   166 | D:1      | XOM: divination: detect creatures
   170 | D:1      | Reached XP level 2. HP: 17/17 MP: 3/3
   250 | D:1      | XOM: confuse monster(s)
   362 | D:1      | XOM: silly message
   472 | D:1      | Reached skill level 4 in Maces & Flails
   561 | D:1      | Reached XP level 3. HP: 22/22 MP: 4/4
   668 | D:2      | Found a radiant altar of Vehumet.
   716 | D:2      | XOM: harmless Divn miscast
  1063 | D:2      | Reached XP level 4. HP: 27/27 MP: 5/5
  1073 | D:2      | XOM: silly message
  1142 | D:2      | XOM: mild Divn miscast
  1215 | D:2      | Reached skill level 5 in Maces & Flails
  1355 | D:2      | Noticed Crazy Yiuf
  1371 | D:2      | XOM: enchant monster (bad)
  1387 | D:2      | XOM: harmless Fire miscast
  1394 | D:2      | XOM: silly message
  1395 | D:2      | Killed Crazy Yiuf
  1481 | D:2      | XOM: silly message
  1609 | D:3      | Reached XP level 5. HP: 26/32 MP: 7/7
  1638 | D:3      | Found an ancient bone altar of Kikubaaqudgha.
  1640 | D:3      | Noticed a sky beast
  1640 | D:3      | XOM: summons 3 friendly demons
  1653 | D:3      | XOM: swap weapons
  1660 | D:3      | XOM: inner flame monster(s)
  1666 | D:3      | Slain by a sky beast

Action                   |  1- 3 |  4- 6 || total
-------------------------+-------+-------++-------
Melee: Mace              |    66 |    57 ||   123
       Club              |       |     5 ||     5
Throw: Dart              |       |    17 ||    17
  Use: Potion            |     2 |     4 ||     6
 Stab: Paralysed         |     2 |       ||     2
       Petrified         |       |     1 ||     1
